AoeStats
← FallenFighter dreifuet

Arabia

510145184Analyzed
1v1 RM · 4d ago on Sep 29, 2026· 52m 33s· 2 players
Game mode
Random Map
Map size
Tiny (2 player)
Population
200
Speed
Normal
Resources
Standard
Victory
Conquest
Starting age
Dark Age
Ending age
Imperial Age
RankedLock teamsTeams togetherTeam positionsShared explorationLock speedFull tech treeHidden civsTurbo modeCheats
Victory
Defeat
🇰🇿 Berbers · Kazakhstan
1013
+17
🇧🇬 Bulgarians · Bulgaria
1029
-17
FallenFighter dreifuet
7:47 Loom
10:40 Feudal Age
15:46 Castle Age
15:05 Horse Collar
15:10 Double-Bit Axe
17:00 Fletching
18:39 Bow Saw
21:27 Wheelbarrow
20:39 Town Watch
23:20 Bodkin Arrow
23:55 Heavy Plow
24:45 Padded Archer Armor
29:28 Husbandry
30:14 Ballistics
30:05 Masonry
29:51 Murder Holes
31:20 Bloodlines
30:38 Light Cavalry
32:29 Scale Barding Armor
32:35 Forging
33:36 Chain Barding Armor
34:58 Iron Casting
34:54 Gold Mining
34:55 Stone Mining
37:46 Imperial Age
36:09 Leather Archer Armor
38:43 Imperial Age
38:22 Thumb Ring
39:27 Bracer
38:52 Hussar
40:36 Town Patrol
40:51 Hand Cart
41:47 Blast Furnace
41:23 Plate Barding Armor
42:59 Chemistry
42:15 Elite Camel Archer
44:27 Ring Archer Armor
46:53 Crop Rotation
52:24 Siege Engineers
Zarko
3:31 Loom
10:11 Feudal Age
10:41 Horse Collar
10:47 Double-Bit Axe
14:33 Town Watch
20:53 Castle Age
22:15 Heavy Plow
22:26 Bow Saw
22:21 Squires
22:50 Gold Mining
24:07 Stone Mining
24:45 Forging
24:42 Scale Barding Armor
26:36 Elite Skirmisher
32:11 Imperial Age
32:02 Bloodlines
32:48 Husbandry
32:42 Gambesons
32:38 Capped Ram
33:50 Siege Ram
35:42 Chemistry
35:28 Pikeman
37:13 Light Cavalry
38:06 Stirrups
38:51 Crop Rotation
40:03 Ballistics
39:56 Padded Archer Armor
39:47 Fletching
39:58 Scale Mail Armor
41:17 Masonry
49:19 Hussar
Connection lost

Rejoining the realm…

Still unreachable

The connection could not be restored.

Session expired

The server has moved on; the page needs a fresh start.